 Dungeon Crawl Stone Soup version 0.26-a0-497-g0187308201 (webtiles) character file.

Game seed: 9559030842627875979

473 loom the Conjurer (level 6, -3/45 HPs)
             Began as a Draconian Conjurer on Aug 6, 2020.
             Killed from afar by an orc wizard (7 damage)
             ... with a magic dart
             ... on level 4 of the Dungeon.
             The game lasted 00:05:18 (4505 turns).

loom the Conjurer (Draconian Conjurer)              Turns: 4505, Time: 00:05:19

Health: -3/45      AC: 10    Str:  9    XL:     6   Next: 84%
Magic:  12/12      EV: 12    Int: 21    God:
Gold:   100        SH:  0    Dex:  9    Spells: 10/13 levels left

rFire    . . .     SeeInvis .   d - +1 whip (flame)
rCold    . . .     Faith    .   (no shield)
rNeg     . . .     Spirit   .   (armour unavailable)
rPois    .         Reflect  .   (helmet restricted)
rElec    .         Harm     .   (no cloak)
rCorr    .                      (no gloves)
MR       .....                  (no boots)
Stlth    ++........             (no amulet)
HPRegen  0.15/turn              b - +4 ring of protection
MPRegen  0.13/turn              (no ring)

@: no status effects
A: unfitting armour, cold-blooded, AC +6
a: no special abilities


You were on level 4 of the Dungeon.
You visited 1 branch of the dungeon, and saw 4 of its levels.

You collected 100 gold pieces.

Inventory:

Hand Weapons
 d - a +1 whip of flaming (weapon)
Missiles
 i - 16 poisoned darts (quivered)
Jewellery
 b - a +4 ring of protection (left hand)
 e - an uncursed ring of fire
Scrolls
 f - a scroll of teleportation
 l - 2 scrolls of identify
 o - a scroll of fog {unknown}
Potions
 a - 2 potions of mutation
 g - a potion of brilliance {unknown}
 k - 2 potions of lignification {unknown}
 m - a potion of cancellation {unknown}


   Skills:
 - Level 1.7 Dodging
 - Level 1.7 Stealth
 + Level 4.2 Spellcasting
 * Level 7.1 Conjurations


You had 10 spell levels left.
You knew the following spells:

 Your Spells              Type           Power        Failure   Level
a - Magic Dart            Conj           ####         1%          1
b - Searing Ray           Conj           ####..       1%          2

Your spell library contained the following spells:

 Spells                   Type           Power        Failure   Level
 Dazzling Flash           Conj/Hex       ###...       9%          3
 Fulminant Prism          Conj/Hex       ###.......   26%         4
 Iskenderun's Mystic Bla  Conj/Tloc      ###.....     26%         4


Dungeon Overview and Level Annotations

Branches:
Dungeon (4/15)
 Temple: D:4-7

Altars:
Okawaru


Innate Abilities, Weirdness & Mutations

Your plain brown scales are hard. (AC +6)
You cannot fit into any form of body armour.
You are cold-blooded and may be slowed by cold attacks.


Message History

You feel yourself slow down.
The orc priest looks satisfied for a moment.
The orc wizard hits you but does no damage.
You feel yourself speed up. The orc wizard barely misses you.
The orc priest calls down the wrath of Beogh upon you.
Beogh smites you!
You hear a shout!
The orc priest calls down the wrath of Beogh upon you.
Pain shoots through your body! The orc wizard casts a spell at you.
The magic dart hits you but does no damage.
The orc priest invokes the aid of Beogh against you.
Beogh smites you!
* * * LOW HITPOINT WARNING * * *
The orc priest miscasts a cantrip.
The orc priest begins to cast a cantrip, but forgets the words!
The orc wizard points at you and mumbles some strange words.
The magic dart hits you!
You die...

oo.................).....o.......
.#########################....##.
........# #.......
#.#.#.#.###..#..#.
##.#.............#
.........###.#...# ##.
#.#.....###.#.#.#
..#._##.#.........#.#.# .
.......@..>o.o#####.#.#
..#####.##.#..#.o......#.#
.........#.#.............#
.#.......#.##.############
..............[......
#.......#.##.#######
######.##.#.... ### #.##.######
#.#### #.##.# #.....


You could see 2 orc priests and an orc wizard.

Vanquished Creatures
  Sigmund (D:4)
  An ogre (D:3)
  An iguana (D:4)
  Jessica (D:2)
  Terence (D:2)
  4 gnolls
  5 adders
  An adder skeleton (D:3)
  2 worms (D:3)
  3 dart slugs
  3 leopard geckos
  2 orcs
  3 bats
  A giant cockroach (D:3)
  18 goblins
  3 hobgoblins
  4 jackals (D:4)
  6 kobolds
  2 quokkas
  2 frilled lizards (D:2)
  6 rats
70 creatures vanquished.

Notes
Turn   | Place    | Note
-------+----------+-------------------------------------------
     0 | D:1      | loom the Draconian Conjurer began the quest for the Orb.
     0 | D:1      | Reached XP level 1. HP: 14/14 MP: 3/3
   370 | D:1      | Reached XP level 2. HP: 20/20 MP: 1/5
   411 | D:1      | Learned a level 2 spell: Searing Ray
   947 | D:1      | Reached XP level 3. HP: 8/26 MP: 3/6
  1194 | D:2      | Reached skill level 5 in Conjurations
  1394 | D:2      | Noticed Jessica
  1401 | D:2      | Killed Jessica
  1401 | D:2      | Reached XP level 4. HP: 33/33 MP: 3/8
  1528 | D:2      | Noticed Terence
  1556 | D:2      | Killed Terence
  2325 | D:3      | Reached XP level 5. HP: 38/38 MP: 6/9
  3192 | D:3      | Reached skill level 6 in Conjurations
  3192 | D:3      | Noticed an ogre
  3667 | D:3      | Killed an ogre
  3667 | D:3      | Reached XP level 6. HP: 45/45 MP: 5/11
  4276 | D:4      | Noticed Sigmund
  4282 | D:4      | Killed Sigmund
  4282 | D:4      | Reached skill level 7 in Conjurations
  4416 | D:4      | Found an iron altar of Okawaru.
  4505 | D:4      | Killed from afar by an orc wizard

Illustrated notes

Levels and vault maps discovered:
D:1:      mrwooster_arrival_statue, layout_loops_ring
D:2:      layout_loops_corners, uniq_jessica, uniq_terence
D:3:      layout_loops_cross, minmay_ogre_servants
D:4:      layout_basic, overflow_temple_1_default, uniq_edmund, uniq_sigmund

Skill      XL: |  1  2  3  4  5  6 |
---------------+-------------------+-----
Conjurations   | 5 6 7 |  7.1
Spellcasting   | 3 4 |  4.2
Dodging        | |  1.7
Stealth        | |  1.7

Action                   |  1- 3 |  4- 6 || total
-------------------------+-------+-------++-------
Melee: Whip              |    10 |    17 ||    27
       Tailslap          |     1 |     1 ||     2
 Cast: Magic Dart        |    34 |    79 ||   113
       Searing Ray       |     3 |    11 ||    14
  Use: Scroll            |       |     5 ||     5
Armor: Skin              |     3 |    15 ||    18
Dodge: Dodged            |     7 |    20 ||    27

Table legend: (Time is in decaauts)
 A = Elapsed time spent in this place.
 B = Non-inter-level travel time spent in this place.
 C = Inter-level travel time spent in this place.
 D = Time resting spent in this place.
 E = Time spent auto-exploring this place.
 F = Levels seen in this place.
 G = Mean time per level.
                   A        B        C        D        E       F      G
               +--------+--------+--------+--------+--------+-----+--------+
         Total |   4512 |   4286 |    226 |    964 |   2786 |   4 | 1128.0 |
       Dungeon |   4512 |   4286 |    226 |    964 |   2786 |   4 | 1128.0 |
               +--------+--------+--------+--------+--------+-----+--------+

Top non-repeatable levels by time:
     D:3: 1744 daAuts
     D:1: 1182 daAuts
     D:2: 1181 daAuts
     D:4: 404 daAuts
